 Dungeon Sprint DCSS version 0.01-2087-gb5e28fc70b (webtiles) character file.

Game seed: 11507073426906790624, levelgen mode: deterministic

171 pasperui the Fruitful (level 5, -5/54 HPs) Lignifite Fighter. Began on June 2, 2020. Was a Priest of Fedhas. Slain by an iguana (13 damage) ... in the Dungeon (Sprint VII: "The Pits"). The game lasted 00:02:25 (286 turns).

pasperui the Fruitful (Lignifite Fighter)            Turns: 286, Time: 00:02:27

Health: -5/54      AC:  1    Str: 28    XL:     5 ^: 135
Magic:  6/12       EV: 16    Int:  9    God:    Fedhas [***... (91)]
Gold:   0          SH:  2    Dex:  7    Spells: 4/4 levels left

rFire    x . .     Vision   .   s - +1 mace (crush)
rCold    . . .     Gourm    .   l - +2 mace
rNeg     . . .     Faith    .   b - +0 robe
rPois    +         Spirit   .   (helmet restricted)
rElec    .         Reflect  .   (no cloak)
rCorr    .         Harm     .   (gloves unavailable)
MR       .....     NoTele   +   (boots unavailable)
Stlth    ..........             (no amulet)
HPRegen  0.28/turn              (no ring)
MPRegen  0.22/turn              (no ring)

@: berserking (expiring), very quick
A: very small, rF-, deformed body, speed 1, poison resistance, slow metabolism
1, torment resistance, plant, rot immunity
a: Fungal Bloom, Sunlight, Evolution, Growth, Renounce Religion


You were in the Dungeon.
You worshipped Fedhas.
Fedhas was most pleased with you.
You were not hungry.

You visited 1 branch

Inventory:

Weapons
 a - a +0 morningstar
 l - a +2 mace (weapon)
 s - a +1 mace of crushing (weapon) Shields
 c - a +0 buckler
Armour
 b - a +0 robe (worn)
Scrolls
 k - a scroll of blinking
 n - a scroll of bless item
 o - 5 scrolls of amnesia
 p - a scroll of summoning
 r - 2 scrolls of vulnerability
Potions
 d - a potion of might
 e - 6 potions of curing
 g - 4 potions of heal wounds
 h - a potion of haste
 i - 4 potions of magic
 j - 2 potions of berserk rage
 m - 2 potions of invisibility
Miscellaneous
 q - a crystal ball of energy
Comestibles
 f - 9 rations


   Skills:
 - Level 3.0 Fighting
 - Level 7.9 Maces & Staves
 - Level 2.6 Dodging
 - Level 3.0 Shields
 * Level 9.0 Invocations


You had 4 spell levels left.
You didn't know any spells.
Your spell library was empty.

Dungeon Overview and Level Annotations

Branches:
Dungeon (1/1)

Altars:
Ashenzari
Cheibriados
Dithmenos
Elyvilon
Fedhas
Gozag
Hepliaklqana
Kikubaaqudgha
Makhleb
Nemelex Xobeh
Okawaru
Qazlal
Ru
Sif Muna
Trog
Uskayaw
Vehumet
Wu Jian
Xom
Yredelemnul
Zin
The Shining One
Beogh
Jiyva
Lugonu


Innate Abilities, Weirdness & Mutations

Your woody flesh burns easily. (rF-)
A tangle of shorter branches protects your body from attack. (+2 SH)
You are very small and have problems with some larger weapons.
You are too small for most types of armour.
Armour fits poorly on your strangely shaped body.
You cover ground quickly.
Your system is resistant to poisons. (rPois)
You have a slow metabolism.
You are immune to unholy pain and torment.
You require very little carbon dioxide to survive.
You are immune to rotting.


Message History

You feel a bit more experienced.
The iguana hisses menacingly.
The hungry ghost closely misses you (0).
You sock the hungry ghost (10)!
The hungry ghost is moderately damaged. (28/40) HP You sock the hungry ghost (10)!
The hungry ghost is heavily damaged. (18/40) HP The hungry ghost misses you (0).
The iguana bites you (7)!
* * * LOW HITPOINT WARNING * * *
You closely miss the hungry ghost. You miss the hungry ghost.
The hungry ghost hits you (2).
* * * LOW HITPOINT WARNING * * *
You feel a lot more hungry. The iguana barely misses you (0).
You sock the hungry ghost (11)!
The hungry ghost is almost destroyed. (6/40) HP You hit the hungry ghost (4).
The hungry ghost is almost destroyed. (2/40) HP The hungry ghost barely misses you (0).
The iguana bites you (13)!
You die...
Fedhas appreciates your contribution to the ecosystem.

#'#####÷#####.....
#.#...#.#..##.....
#.#...#.#).#####'#
#.#...÷.#))##.....
#.##'####))##.....
#.#.....#[[##.....
#.#.....#'###...<.
#.#........##.....
#@#........##.....
#lW##########.....


#hZ ###### #..# #... ##.## .. .# You could see a hungry ghost, a black bear, an
iguana and an adder skeleton.

Vanquished Creatures
  An orc warrior (D)
  An orc wizard (D)
  A worker ant (D)
  A worm (D)
  2 ufetubi (D)
  A leopard gecko (D)
  An orc (D)
  2 giant cockroaches (D)
  A ball python (D)
  A frilled lizard (D)
  A rat (D)
13 creatures vanquished.

Vanquished Creatures (others)
  9 toadstools (D)
9 creatures vanquished.

Grand Total: 22 creatures vanquished

Notes
Turn   | Place    | Note
-------+----------+-------------------------------------------
     0 | D        | pasperui the Lignifite Fighter began the quest for the Orb.
     0 | D        | Reached XP level 1. HP: 14/14 MP: 2/2
    25 | D        | Found a bloodstained altar of Trog.
    25 | D        | Found a shimmering blue altar of Sif Muna.
    25 | D        | Found a viscous altar of Jiyva.
    25 | D        | Found a hazy altar of Hepliaklqana.
    25 | D        | Found an opulent altar of Gozag.
    26 | D        | Found a glowing golden altar of the Shining One.
    26 | D        | Found a glowing silver altar of Zin.
    26 | D        | Found a basalt altar of Yredelemnul.
    26 | D        | Found a shimmering altar of Xom.
    26 | D        | Found an ornate altar of the Wu Jian Council.
    26 | D        | Found a sacrificial altar of Ru.
    26 | D        | Found a stormy altar of Qazlal.
    26 | D        | Found an iron altar of Okawaru.
    26 | D        | Found a sparkling altar of Nemelex Xobeh.
    26 | D        | Found a burning altar of Makhleb.
    26 | D        | Found a blossoming altar of Fedhas.
    26 | D        | Found a white marble altar of Elyvilon.
    26 | D        | Found a shadowy altar of Dithmenos.
    26 | D        | Found a snail-covered altar of Cheibriados.
    27 | D        | Found a radiant altar of Vehumet.
    27 | D        | Found a corrupted altar of Lugonu.
    27 | D        | Found a roughly hewn altar of Beogh.
    28 | D        | Found a hide-covered altar of Uskayaw.
    28 | D        | Found an ancient bone altar of Kikubaaqudgha.
    28 | D        | Found a shattered altar of Ashenzari.
    37 | D        | Became a worshipper of Fedhas Madash
    81 | D        | Noticed a worker ant
    87 | D        | Killed a worker ant
    87 | D        | Reached XP level 2. HP: 15/21 MP: 3/3
    90 | D        | Reached * piety under Fedhas
    90 | D        | Reached ** piety under Fedhas
    97 | D        | Reached XP level 3. HP: 6/26 MP: 4/4
   211 | D        | Reached *** piety under Fedhas
   264 | D        | Noticed an orc warrior
   269 | D        | Reached skill level 1 in Invocations
   275 | D        | Noticed a black bear
   276 | D        | Noticed a hungry ghost
   281 | D        | Killed an orc warrior
   281 | D        | Reached skill level 7 in Invocations
   281 | D        | Reached XP level 4. HP: 13/31 MP: 5/10
   281 | D        | Reached XP level 5. HP: 15/36 MP: 5/11
   283 | D        | Reached skill level 9 in Invocations
   286 | D        | Slain by an iguana

Levels and vault maps discovered:
D:        pitsprint [storerooms_1, entrance_room_1, metal_vault_7, armoury_1,
          mini_pit_1, grid_room_1, main_hall_1, silver_pit, the_coven_3,
          the_vestibule_1, steel_vault_5, golden_pit, hallway_of_sentries,
          crystal_vault_1, iron_vault_4, final_vault]

Skill      XL: |  1  2  3  4  5 |
---------------+----------------+-----
Maces & Staves | 6 7 |  7.9
Invocations    | 7 9 |  9.0
Fighting       | |  3.0
Dodging        | |  2.6
Shields        | |  3.0

Action                   |  1- 3 |  4- 6 || total
-------------------------+-------+-------++-------
Melee: Morningstar       |    26 |       ||    26
       Mace              |    37 |    10 ||    47
Invok: Fungal Bloom      |     6 |       ||     6
  Use: Potion            |     3 |       ||     3
Armor: Robe              |     1 |       ||     1
Dodge: Dodged            |    36 |     4 ||    40
Block: Buckler           |     5 |       ||     5
